 Dungeon Crawl Stone Soup version 0.28.0-43-g3370ac3207 (webtiles) character file.

Game seed: 17789027725201532517

394 demenzo the Skirmisher (level 6, -2/67 HPs)
             Began as an Ogre Cinder Acolyte on Mar 24, 2022.
             Was an Elder of Ignis.
             Slain by Pikel
             ... wielding a +0 whip of freezing
              (7 damage)
             ... on level 2 of the Dungeon.
             The game lasted 00:08:03 (5776 turns).

demenzo the Skirmisher (Ogre Cinder Acolyte)        Turns: 5776, Time: 00:08:04

Health: -2/67      AC: 10    Str: 19    XL:     6   Next: 82%
Magic:  11/11      EV:  9    Int: 17    God:    Ignis [****..]
Gold:   142        SH:  0    Dex:  4    Spells: 12/12 levels left

rFire   + . .      SeeInvis .   a - +0 dagger (venom)
rCold   . . .      Faith    .   (no shield)
rNeg    . . .      Spirit   .   b - +0 robe
rPois   .          Reflect  .   (helmet restricted)
rElec   .          Harm     .   (no cloak)
rCorr   .          Rampage  .   (gloves unavailable)
Will    .....                   (boots unavailable)
Stlth   +.........              (no amulet)
HPRegen 0.21/turn               (no ring)
MPRegen 0.12/turn               (no ring)

@: fiery-armoured
A: large, unfitting armour, tough skin 1
a: Renounce Religion, Fiery Armour, Foxfire Swarm, Rising Flame


You were on level 2 of the Dungeon.
You worshipped Ignis.
Ignis was greatly pleased with you.
You visited 1 branch of the dungeon, and saw 4 of its levels.

You collected 142 gold pieces.

Inventory:

Hand Weapons
 a - a +0 dagger of venom (weapon)
 g - a +1 dagger of holy wrath
 m - a -1 mace of flaming
 t - a +0 giant club
Missiles
 h - 126 arrows
 j - 34 stones (quivered)
 n - 39 bolts
 q - a throwing net
 r - 2 sling bullets
 s - a poisoned dart
Armour
 b - a +0 robe (worn)
Scrolls
 c - a scroll of blinking {unknown}
 e - 2 scrolls of immolation {unknown}
 f - 4 scrolls of teleportation {unknown}
 i - a scroll of amnesia {unknown}
 k - a scroll of fog {unknown}
 o - 4 scrolls of identify {unknown}
 u - a scroll of enchant armour {unknown}
Potions
 d - 3 potions of heal wounds {unknown}
 l - a potion of haste {unknown}
 p - 2 potions of mutation {unknown}


   Skills:
 + Level 6.0 Fighting
 * Level 5.1 Maces & Flails
 + Level 3.7 Spellcasting
 - Level 2.6 Fire Magic


You had 12 spell levels left.
You didn't know any spells.
Your spell library contained the following spells:

 Spells                   Type           Power      Damage    Failure   Level
 Scorch                   Fire           24%        2d6       9%          2


Dungeon Overview and Level Annotations

Branches:
Dungeon (4/15)
 Temple: D:4-7

Altars:
Hepliaklqana
Kikubaaqudgha
Makhleb
Uskayaw

Shops:
D:4 (

Annotations:
D:2 Pikel


Innate Abilities, Weirdness & Mutations

You are too large for most types of armour.
You have tough skin. (AC +1)


Message History

Pikel hits you with a +0 whip of freezing!
Pikel freezes you.
You hit Pikel but do no damage.
Pikel is poisoned.
Pikel hits you with a +0 whip of freezing!
Pikel freezes you.
You are too injured to fight recklessly!
You are too injured to fight recklessly!
You are too injured to fight recklessly!
You are too injured to fight recklessly!
You are too injured to fight recklessly!
You hit Pikel but do no damage.
Pikel looks as sick as possible!
Pikel is lightly wounded.
Pikel hits you with a +0 whip of freezing!
* * * LOW HITPOINT WARNING * * *
Pikel freezes you.
* * * LOW HITPOINT WARNING * * *
You hit Pikel.
Pikel is moderately wounded.
Pikel hits you with a +0 whip of freezing.
* * * LOW HITPOINT WARNING * * *
Pikel freezes you.
* * * LOW HITPOINT WARNING * * *
Unknown command.
Pikel hits you with a +0 whip of freezing.
* * * LOW HITPOINT WARNING * * *
Pikel freezes you.
* * * LOW HITPOINT WARNING * * *
You see here a +0 hand axe.
A protective cloak of flame settles atop you.
You hit Pikel but do no damage.
Pikel looks as sick as possible!
Pikel is severely wounded.
Pikel barely misses you.
You hit Pikel.
Pikel looks as sick as possible!
Pikel is severely wounded.
Pikel hits you but does no damage.
Unknown command.
You hit Pikel but do no damage.
Pikel looks as sick as possible!
Pikel is almost dead.
Pikel hits you with a +0 whip of freezing!
You die...

#.#..........#
#....#..#....#
.............#
...#......#..#
.............#
.............#
...#......#..#
.............##########
.....#..#.....#.@K.)..#
#...............#####.#
##..........#.### #.#
##.......###.#######.#
##.######.........##.##
##.## #.##.####...>.#
..## #.##.# ####..# .##
#.##.# #..# ##
#.##.#### #..#####


You could see Pikel (extremely poisoned).

Vanquished Creatures
  An ogre (D:4)
  A scorpion (D:4)
  A hound (D:4)
  Jessica (D:3)
  Natasha (thrice) (D:3)
  5 adders
  2 worms (D:2)
  2 orcs (D:3)
  3 ball pythons
  2 bats (D:1)
  4 endoplasms
  2 giant cockroaches (D:3)
  3 goblins
  6 hobgoblins
  4 jackals (D:3)
  4 quokkas
  3 training dummies (D:4)
  6 frilled lizards
  12 kobolds
  8 rats
73 creatures vanquished.

Vanquished Creatures (others)
  4 foxfires (D:3)
  5 plants (D:2)
9 creatures vanquished.

Grand Total: 82 creatures vanquished

Notes
Turn   | Place    | Note
-------+----------+-------------------------------------------
     0 | D:1      | demenzo the Ogre Cinder Acolyte began the quest for the
                  | Orb.
     0 | D:1      | Reached XP level 1. HP: 24/24 MP: 2/2
   314 | D:1      | Reached XP level 2. HP: 28/32 MP: 2/4
  1253 | D:2      | Reached XP level 3. HP: 28/40 MP: 5/5
  1577 | D:2      | Found a faded altar of an unknown god.
  2180 | D:2      | Reached XP level 4. HP: 23/49 MP: 7/7
  3323 | D:3      | Found an ancient bone altar of Kikubaaqudgha.
  3368 | D:3      | Found a hide-covered altar of Uskayaw.
  3368 | D:3      | Noticed Jessica
  3375 | D:3      | Killed Jessica
  3404 | D:3      | Found a hazy altar of Hepliaklqana.
  3467 | D:3      | Noticed Natasha
  3468 | D:3      | Reached skill level 5 in Fighting
  3468 | D:3      | Reached XP level 5. HP: 57/57 MP: 8/8
  3484 | D:3      | Killed Natasha
  3497 | D:3      | Noticed Natasha
  3507 | D:3      | Killed Natasha
  3793 | D:3      | Noticed Natasha
  3811 | D:3      | Killed Natasha
  4099 | D:3      | Noticed a black bear
  4919 | D:4      | Found Pevviwawk's Firing Range.
  4925 | D:4      | Reached XP level 6. HP: 62/66 MP: 10/10
  5309 | D:4      | Found a burning altar of Makhleb.
  5371 | D:4      | Reached skill level 6 in Fighting
  5371 | D:4      | Reached skill level 5 in Maces & Flails
  5616 | D:4      | Noticed Pikel
  5765 | D:2      | HP: 3/67 [Pikel/+0 whip of freezing (2)]
  5776 | D:2      | Slain by Pikel

Illustrated notes

Levels and vault maps discovered:
D:1:      moated_graveyard_arrival, layout_basic, serial_curves, eino_curves_04,
          eino_curves_01
D:2:      layout_loops_ring, ebering_ecumenical_altar_webs, serial_forest,
          infiniplex_forest_clump_cross, infiniplex_forest_clump_cross,
          infiniplex_forest_straight_1, infiniplex_forest_clump_diagonal,
          infiniplex_forest_straight_3, infiniplex_forest_straight_5,
          minmay_misc_feat_plants
D:3:      layout_loops_ring, mainiacjoe_overflow_small_starburst,
          nicolae_overflow_squiral, uniq_jessica, uniq_natasha
D:4:      layout_cave_pools, mainiacjoe_overflow_24_doors,
          minmay_temple_entry_mist, serial_co_window_serial, co_window_corner_a,
          co_window_paths_b, co_window_corner_a, co_window_paths_a,
          co_window_corner_a, co_window_paths_a, co_window_corner_a,
          co_window_paths_a, co_window_corner_a, co_window_cross_2,
          co_window_corner_b, co_window_broadway_b, co_window_2corner,
          co_window_2corner, glass_columns_c, glass_columns_b, glass_columns_a,
          glass_columns_b, st_stairs_4, nicolae_shop_firing_range, uniq_pikel

Skill      XL: |  1  2  3  4  5  6 |
---------------+-------------------+-----
Maces & Flails | 3 4 5 |  5.1
Spellcasting   | 2 3 |  3.7
Fighting       | 5 6 |  6.0
Fire Magic     | |  2.6

Action                   |  1- 3 |  4- 6 || total
-------------------------+-------+-------++-------
Melee: Mace              |   122 |     3 ||   125
       Dagger            |       |   172 ||   172
       Punch             |       |     1 ||     1
Invok: Fiery Armour      |       |     2 ||     2
       Foxfire Swarm     |       |     1 ||     1
Armor: Robe              |    37 |    33 ||    70
Dodge: Dodged            |    60 |    79 ||   139
